 Dungeon Crawl Stone Soup version 0.20-a0-493-g19c8d8d (webtiles) character file.

245 HarleyQuinn the Slinger (level 6, -2/39 HPs)
             Began as a Halfling Hunter on Jan 16, 2017.
             Slain by sand's ghost (8 damage)
             ... on level 3 of the Dungeon.
             The game lasted 00:03:45 (2780 turns).

HarleyQuinn the Slinger (Halfling Hunter)           Turns: 2780, Time: 00:03:45

Health: -2/39      AC:  3    Str: 13    XL:     6   Next: 32%
Magic:  6/6        EV: 14    Int:  9    God:
Gold:   103        SH:  0    Dex: 17    Spells: 5/5 levels left

rFire    . . .     SeeInvis .   a - +1 hunting sling
rCold    . . .     Gourm    .   c - +0 leather armour
rNeg     . . .     Faith    .   (shield restricted)
rPois    .         Spirit   .   (no helmet)
rElec    .         Reflect  .   (no cloak)
rCorr    .         Harm     .   (no gloves)
MR       .....                  (no boots)
Stlth    ++........             (no amulet)
Regen    0.2/turn               (no ring)
                                (no ring)

@: no status effects
A: mutation resistance 1
a: no special abilities


You were on level 3 of the Dungeon.
You were not hungry.

You visited 1 branch of the dungeon, and saw 3 of its levels.

You collected 103 gold pieces.

Inventory:

Hand Weapons
 a - a +1 hunting sling (weapon)
 b - a +0 short sword
Missiles
 d - 20 sling bullets
 h - 39 stones (quivered)
Armour
 c - a +0 leather armour (worn)
Wands
 m - a wand of iceblast (6/15)
Scrolls
 j - a scroll of remove curse {unknown}
 l - a scroll of magic mapping {unknown}
 n - a scroll of blinking {unknown}
 p - a scroll of recharging {unknown}
 q - a scroll of teleportation {unknown}
Potions
 e - a potion of agility
 g - a potion of invisibility {unknown}
 i - 2 potions of cancellation {unknown}
 k - a potion of curing {unknown}
 o - a potion of haste {unknown}
Comestibles
 f - a bread ration


   Skills:
 - Level 1.7 Fighting
 + Level 10.2 Slings
 - Level 2.1 Dodging
 - Level 1.1 Stealth


You had 5 spell levels left.
You didn't know any spells.

Dungeon Overview and Level Annotations

Branches:
Dungeon (3/15)

Altars:
Cheibriados
Elyvilon
Trog

Annotations:
D:3 sand's ghost, amateur BaFi


Innate Abilities, Weirdness & Mutations

You are small and have problems with some larger weapons.
You are somewhat resistant to further mutation.


Message History

Press: ? - help, Shift-Dir - straight line, f/p - sand's ghost
Aim: sand's ghost (almost destroyed)
You shoot a stone.
The stone hits sand's ghost but does no damage.
Sand's ghost is almost destroyed.
Sand's ghost hits you!
* * * LOW HITPOINT WARNING * * *
Firing (i - inventory. (,) - cycle):
h - 41 stones (quivered)
Press: ? - help, Shift-Dir - straight line, f/p - sand's ghost
Aim: sand's ghost (almost destroyed)
You shoot a stone. The stone hits sand's ghost.
Sand's ghost is almost destroyed.
Firing (i - inventory. (,) - cycle):
h - 40 stones (quivered)
Press: ? - help, Shift-Dir - straight line, f/p - sand's ghost
Aim: sand's ghost (almost destroyed)
You shoot a stone.
The stone hits sand's ghost but does no damage.
Sand's ghost is almost destroyed.
Sand's ghost hits you!
You die...

#.##.......###.......#
.##[#(..>.....##.#####.#
..............##.#
###.#...##(...##.# .
#.(..(....#........#
#....(....#.###.W.##
#.#..(#.#>#.# .##
#....W....#.# #
###..@#####.# #...# #.#
####...#####.#
..............#
..............#
............)##
#####...###### #...#
#...#


You could see sand's ghost.

Vanquished Creatures
  Sigmund (D:2)
  Ijyb (D:2)
  2 adders (D:2)
  A worm (D:2)
  A dart slug (D:1)
  3 leopard geckos
  7 bats
  4 giant cockroaches
  2 goblins (D:1)
  6 hobgoblins
  4 frilled lizards
  5 kobolds
  5 rats
42 creatures vanquished.

Notes
Turn   | Place    | Note
-------+----------+-------------------------------------------
     0 | D:1      | HarleyQuinn the Halfling Hunter began the quest for the Orb.
     0 | D:1      | Reached XP level 1. HP: 14/14 MP: 1/1
    36 | D:1      | Reached skill level 6 in Slings
    59 | D:1      | Reached XP level 2. HP: 14/19 MP: 2/2
   513 | D:1      | Reached skill level 7 in Slings
   513 | D:1      | Reached XP level 3. HP: 18/24 MP: 3/3
  1058 | D:2      | Noticed Ijyb
  1086 | D:2      | Killed Ijyb
  1086 | D:2      | Reached XP level 4. HP: 10/29 MP: 4/4
  1455 | D:2      | Noticed Sigmund
  1488 | D:2      | Killed Sigmund
  1488 | D:2      | Reached skill level 9 in Slings
  1488 | D:2      | Reached XP level 5. HP: 4/34 MP: 5/5
  1488 | D:2      | Reached XP level 6. HP: 5/39 MP: 6/6
  1895 | D:2      | Found a white marble altar of Elyvilon.
  1895 | D:2      | Found a snail-covered altar of Cheibriados.
  1895 | D:2      | Found a bloodstained altar of Trog.
  2113 | D:2      | Reached skill level 10 in Slings
  2734 | D:3      | Noticed sand's ghost (amateur BaFi)
  2780 | D:3      | Slain by sand's ghost

Vault maps used:
D:1:      lemuel_arrival_broad_hall, serial_park_tiny_pond,
          minmay_split_cup_small
D:2:      gammafunk_temple_overflow_forgotten, uniq_sigmund, uniq_iyjb
D:3:      marbit_many_paths

Skill      XL: |  1  2  3  4  5  6 |
---------------+-------------------+-----
Slings         | 6 7 9 10 | 10.2
Fighting       | |  1.7
Dodging        | |  2.1
Stealth        | |  1.1

Action                   |  1- 3 |  4- 6 || total
-------------------------+-------+-------++-------
Melee: Short sword       |   110 |       ||   110
 Fire: Hunting sling     |       |   114 ||   114
  Use: Potion            |       |     1 ||     1
 Stab: Sleeping          |     3 |       ||     3
  Eat: Chunk             |     1 |       ||     1
       Meat ration       |       |     1 ||     1
Armor: Leather armour    |    30 |     2 ||    32
Dodge: Dodged            |    86 |    24 ||   110
